 Dungeon Crawl Stone Soup version 0.16.2-12-gd0ad4c3 (webtiles) character file.

151 Klogten the Skirmisher (level 5, -1/43 HPs)
             Began as a Formicid Abyssal Knight on Nov 4, 2015.
             Was a Believer of Lugonu.
             Slain by a phantom (7 damage)
             ... on level 4 of the Dungeon.
             The game lasted 00:11:47 (2328 turns).

Klogten the Skirmisher (Formicid Abyssal Knight)    Turns: 2328, Time: 00:11:47

Health: -1/43      AC:  5    Str: 17    XL:     5   Next: 60%
Magic:  8/8        EV: 14    Int: 12    God:    Lugonu [**....]
Gold:   119        SH:  0    Dex: 10    Spells: 0 memorised, 4 levels left

rFire  . . .     SeeInvis +     l - +0 battleaxe
rCold  . . .     Clarity  .     b - +0 leather armour
rNeg   . . .     SustAb   .     (no shield)
rPois  .         Gourm    .     (helmet unavailable)
rElec  .         Spirit   .     (no cloak)
rCorr  .         Warding  .     j - +0 pair of gloves
rMut   .         Stasis   +     e - +0 pair of boots
MR     .....                    (no amulet)
Stlth  +.........               v - ring of see invisible
                                m - +2 ring of evasion

@: not resistant to hostile enchantments, very unstealthy
A: permanent stasis, dig shafts and tunnels, four strong arms, antennae 3
a: Dig, Shaft Self, Depart the Abyss, Bend Space, Renounce Religion


You were on level 4 of the Dungeon.
You worshipped Lugonu.
Lugonu was pleased with you.
You were not hungry.

You visited 1 branch of the dungeon, and saw 4 of its levels.
You visited the Abyss 1 time.

You collected 119 gold pieces.

Inventory:

Hand weapons
 a - a +1 falchion
 l - a +0 battleaxe (weapon)
Armour
 b - a +0 leather armour (worn)
 e - a +0 pair of boots (worn)
 j - a +0 pair of gloves (worn)
Jewellery
 m - a +2 ring of evasion (left hand)
 v - a ring of see invisible (right hand)
Magical devices
 u - a wand of magic darts (22)
Scrolls
 d - 3 scrolls of identify
 f - 2 scrolls of amnesia
 g - 2 scrolls of teleportation
 n - a scroll of noise {unknown}
 o - a scroll of random uselessness {unknown}
 r - 3 scrolls of enchant armour {unknown}
Potions
 c - 2 potions of brilliance {unknown}
 p - 2 potions of flight {unknown}
 s - a potion of berserk rage {unknown}
Comestibles
 q - 2 meat rations


   Skills:
 + Level 4.5 Fighting
 - Level 2.1 Long Blades
 * Level 2.3 Axes
 + Level 2.5 Armour
 + Level 2.2 Dodging
 + Level 2.5 Invocations


You had 4 spell levels left.
You didn't know any spells.

Dungeon Overview and Level Annotations

Branches:
Dungeon (4/15)
 Temple: D:4-7

Altars:


Innate Abilities, Weirdness & Mutations

You are under a permanent stasis effect.
You can dig through walls and to a lower floor.
Your four strong arms can wield two-handed weapons with a shield.
You have a pair of large antennae on your head (SInv).


Message History

You slash the orc!
You kill the orc!
Lugonu accepts your kill.
Your life force feels restored.
The orc closely misses you.
The phantom blinks!
You hit the orc.
The orc is almost dead.
The orc hits you but does no damage.
You slash the orc!
You kill the orc!
Lugonu accepts your kill.
Items here: ))) [ a mace; a whip; a dagger of draining; a robe You closely miss the phantom.
The phantom hits you.
* * * LOW HITPOINT WARNING * * *
The phantom closely misses you.
You slash the phantom!
The phantom is lightly damaged.
The phantom hits you!
You die...

,,*********,* #.**,# *,*
*,***.**.# *,* #.**,.**.# ,,*
**.#,*.##.## ,,*
***,,.###....# ,,*
*<,,,*.#(..,.# ,,*
*,*,**#.#.#*.#
,,******,#.###.#.##.#
,,**,,,*,#...<..@W..#
,,,,,.......##.#.##.#
,,,,,,.#.##**#.#.#*.#
******,*,* #.#.#*.# ,,*
**,*,****#.#.#*.#********* *,*
*,,,,,,,,....#*..,,,,,,,,*
*,***,**,****#####*.#*******,*
*,,,,,**,* **.#* *,****
*,******,** **,.,*******,,,,*


You could see a phantom.

Vanquished Creatures
  An orc priest (D:4)
  An orc wizard (D:4)
  A worker ant (D:4)
  2 giant geckos
  An ooze (D:2)
  4 orcs
  A ball python (D:2)
  5 giant cockroaches
  8 hobgoblins
  11 kobolds
  3 quokkas
  9 bats
  5 giant newts
  5 goblins
  10 rats
67 creatures vanquished.

Notes
Turn   | Place    | Note
--------------------------------------------------------------
     0 | Abyss:1  | Klogten, the Formicid Abyssal Knight, began the quest for the Orb.
     0 | Abyss:1  | Reached XP level 1. HP: 18/18 MP: 1/1
    56 | Abyss:1  | Noticed a large abomination
    56 | D:1      | Escaped the Abyss
   283 | D:1      | Reached skill level 1 in Dodging
   290 | D:1      | Acquired Lugonu's first power
   354 | D:1      | Reached XP level 2. HP: 24/24 MP: 3/3
   656 | D:1      | Reached skill level 4 in Fighting
   661 | D:1      | Reached XP level 3. HP: 26/30 MP: 5/5
  1277 | D:2      | Acquired Lugonu's second power
  1344 | D:2      | Reached XP level 4. HP: 38/38 MP: 6/6
  1544 | D:3      | Reached skill level 1 in Axes
  2309 | D:4      | Noticed a phantom
  2314 | D:4      | Reached XP level 5. HP: 16/43 MP: 8/8
  2328 | D:4      | Slain by a phantom

Action                   |  1- 3 |  4- 6 || total
-------------------------+-------+-------++-------
Melee: Falchion          |    66 |       ||    66
       Battleaxe         |    51 |    89 ||   140
Invok: Depart the Abyss  |     1 |       ||     1
  Use: Scroll            |       |     7 ||     7
  Eat: Bread ration      |     1 |     1 ||     2
